[ PARTIDA AOE2 · #505028901 ]
UnrankedGodos vs Burmese
Equipo del jugador · VICT
Equipo rival · DERR
[ ANÁLISIS DE REPETICIÓN · EXTRAÍDO DE LA PARTIDA GRABADA ]
Feudal
11:09
Castillos
19:17
Imperial
33:07
| APM promedio | 46.2 |
| APM pico | 89 |
| eAPM promedio | 24.7 |
| Aldeanos / militares | 162 / 188 |
Foco
⚔️ 33.4% · 🌾 66.6%
Huskarl ×132 · Skirmisher ×34 · Trebuchet (Packed) ×7 · Mangonel ×4 · Monk ×3 · Militia ×3
Feudal
8:52
Castillos
20:21
Imperial
35:02
| APM promedio | 57.4 |
| APM pico | 101 |
| eAPM promedio | 26.6 |
| Aldeanos / militares | 120 / 82 |
Foco
⚔️ 35.3% · 🌾 64.7%
Arambai ×26 · Scout Cavalry ×25 · Skirmisher ×19 · Archer ×5 · Monk ×4 · Trebuchet (Packed) ×2
Mapa de la partida
Recursos iniciales + cada clic de construcción. Líneas = muros · curvas = relieve. ◆ oro · ⬟ piedra · ● bayas · ✦ reliquia · ◌ hueco del cierre
Tu base· ✓ Cerrada en 19:17 · 39t muro · sin puerta
Base de ★ DrumM ❿· Abierta — el rival se encerró
Terreno inicial suavizado · ◌ = hueco del cierre detectado · pasá el cursor para detalles
Inputs por minuto
— Andi - - ★ DrumM ❿
Build order — Andi
Primeras 150 de 456 acciones detectadas
| 0:00 | Encolar | Villager (Male) |
| 0:00 | Encolar | Villager (Male) |
| 0:00 | Encolar | Villager (Male) |
| 0:01 | Construir | House |
| 0:02 | Construir | House |
| 0:15 | Encolar | Villager (Male) |
| 0:15 | Encolar | Villager (Male) |
| 1:23 | Encolar | Villager (Male) |
| 1:31 | Construir | Lumber Camp |
| 2:01 | Encolar | Villager (Male) |
| 2:25 | Encolar | Villager (Male) |
| 2:25 | Encolar | Villager (Male) |
| 2:51 | Encolar | Villager (Male) |
| 2:52 | Encolar | Villager (Male) |
| 3:14 | Encolar | Villager (Male) |
| 3:14 | Encolar | Villager (Male) |
| 3:37 | Encolar | Villager (Male) |
| 3:51 | Construir | House |
| 3:55 | Encolar | Villager (Male) |
| 3:55 | Encolar | Villager (Male) |
| 4:24 | Construir | Barracks |
| 4:27 | Encolar | Villager (Male) |
| 4:52 | Encolar | Villager (Male) |
| 4:58 | Construir | House |
| 4:59 | Construir | Palisade Wall |
| 5:00 | Construir | Palisade Wall |
| 5:09 | Encolar | Villager (Male) |
| 5:16 | Encolar | Villager (Male) |
| 5:37 | Encolar | Militia |
| 6:02 | Encolar | Villager (Male) |
| 6:06 | Encolar | Militia |
| 6:13 | Encolar | Villager (Male) |
| 6:15 | Construir | House |
| 6:18 | Construir | Palisade Wall |
| 6:22 | Construir | Palisade Wall |
| 6:23 | Construir | Palisade Wall |
| 6:28 | Encolar | Militia |
| 6:48 | Encolar | Villager (Male) |
| 6:48 | Encolar | Villager (Male) |
| 6:56 | Construir | Palisade Wall |
| 7:01 | Encolar | Villager (Male) |
| 7:22 | Construir | Mill |
| 7:23 | Encolar | Villager (Male) |
| 7:33 | Encolar | Villager (Male) |
| 7:34 | Investigar | Loom |
| 8:23 | Construir | Mining Camp |
| 8:59 | Investigar | Feudal Age |
| 9:09 | Construir | House |
| 9:21 | Construir | Lumber Camp |
| 9:27 | Construir | Palisade Wall |
| 9:29 | Construir | Palisade Wall |
| 9:38 | Encolar | Villager (Male) |
| 11:09 | Edad | Edad Feudal |
| 11:17 | Construir | Archery Range |
| 11:19 | Construir | Archery Range |
| 11:20 | Investigar | Double-Bit Axe |
| 11:21 | Encolar | Villager (Male) |
| 11:35 | Investigar | Horse Collar |
| 11:47 | Encolar | Villager (Male) |
| 11:57 | Construir | Farm |
| 12:08 | Construir | Farm |
| 12:12 | Construir | Farm |
| 12:14 | Encolar | Villager (Male) |
| 12:20 | Encolar | Skirmisher |
| 12:36 | Construir | Farm |
| 12:37 | Encolar | Skirmisher |
| 12:52 | Encolar | Villager (Male) |
| 12:57 | Construir | Farm |
| 13:03 | Encolar | Villager (Male) |
| 13:12 | Construir | Blacksmith |
| 13:21 | Construir | House |
| 13:23 | Encolar | Villager (Male) |
| 13:33 | Construir | Farm |
| 13:39 | Construir | Farm |
| 13:39 | Construir | Farm |
| 13:48 | Construir | House |
| 13:50 | Construir | House |
| 13:54 | Construir | Palisade Wall |
| 14:00 | Encolar | Villager (Male) |
| 14:04 | Construir | Farm |
| 14:07 | Encolar | Villager (Male) |
| 14:19 | Construir | Farm |
| 14:20 | Encolar | Villager (Male) |
| 14:28 | Construir | Palisade Wall |
| 14:29 | Construir | Palisade Wall |
| 14:38 | Construir | House |
| 14:48 | Encolar | Villager (Male) |
| 15:03 | Construir | Market |
| 15:04 | Encolar | Villager (Male) |
| 15:13 | Investigar | Wheelbarrow |
| 15:38 | Construir | Farm |
| 15:53 | Construir | Farm |
| 16:37 | Investigar | Castle Age |
| 17:17 | Construir | Stable |
| 17:32 | Construir | House |
| 17:33 | Construir | House |
| 18:11 | Encolar | Scout Cavalry |
| 18:13 | Investigar | Bloodlines |
| 18:29 | Investigar | Fletching |
| 18:35 | Investigar | Gold Mining |
| 19:14 | Encolar | Villager (Male) |
| 19:17 | Edad | Edad de los Castillos |
| 19:20 | Construir | Town Center |
| 19:20 | Encolar | Cavalry Archer |
| 19:22 | Investigar | Bodkin Arrow |
| 19:26 | Encolar | Cavalry Archer |
| 19:30 | Encolar | Villager (Male) |
| 19:38 | Construir | Town Center |
| 19:47 | Investigar | Bow Saw |
| 20:00 | Encolar | Villager (Male) |
| 20:27 | Encolar | Villager (Male) |
| 20:31 | Investigar | Heavy Plow |
| 20:32 | Encolar | Villager (Male) |
| 20:32 | Encolar | Villager (Male) |
| 20:56 | Encolar | Villager (Male) |
| 20:56 | Encolar | Villager (Male) |
| 21:00 | Construir | Farm |
| 21:05 | Construir | Farm |
| 21:22 | Encolar | Villager (Male) |
| 21:23 | Encolar | Villager (Male) |
| 21:27 | Construir | Farm |
| 21:30 | Construir | Farm |
| 21:30 | Encolar | Villager (Male) |
| 21:30 | Encolar | Villager (Male) |
| 21:31 | Encolar | Villager (Male) |
| 21:39 | Encolar | Villager (Male) |
| 21:40 | Encolar | Villager (Male) |
| 21:47 | Encolar | Villager (Male) |
| 21:57 | Construir | Monastery |
| 22:04 | Encolar | Villager (Male) |
| 22:04 | Encolar | Villager (Male) |
| 22:08 | Construir | Farm |
| 22:11 | Encolar | Villager (Male) |
| 22:11 | Encolar | Villager (Male) |
| 22:30 | Encolar | Villager (Male) |
| 22:34 | Encolar | Villager (Male) |
| 22:34 | Encolar | Villager (Male) |
| 22:42 | Construir | Siege Workshop |
| 22:48 | Encolar | Monk |
| 22:48 | Encolar | Monk |
| 22:49 | Encolar | Villager (Male) |
| 22:50 | Encolar | Villager (Male) |
| 22:58 | Construir | Farm |
| 22:59 | Encolar | Villager (Male) |
| 23:08 | Encolar | Villager (Male) |
| 23:10 | Construir | Farm |
| 23:24 | Encolar | Villager (Male) |
| 23:25 | Encolar | Scorpion |
| 23:27 | Encolar | Villager (Male) |
| 23:29 | Construir | Farm |
Build order — ★ DrumM ❿
Primeras 150 de 384 acciones detectadas
| 0:01 | Encolar | Villager (Male) |
| 0:02 | Construir | House |
| 0:03 | Construir | House |
| 0:09 | Encolar | Villager (Male) |
| 0:09 | Encolar | Villager (Male) |
| 0:10 | Encolar | Villager (Male) |
| 1:25 | Encolar | Villager (Male) |
| 1:57 | Construir | Lumber Camp |
| 2:03 | Encolar | Villager (Male) |
| 2:23 | Encolar | Villager (Male) |
| 2:46 | Encolar | Villager (Male) |
| 2:47 | Encolar | Villager (Male) |
| 3:03 | Encolar | Villager (Male) |
| 3:03 | Encolar | Villager (Male) |
| 3:30 | Encolar | Villager (Male) |
| 3:35 | Construir | House |
| 3:52 | Encolar | Villager (Male) |
| 4:07 | Encolar | Villager (Male) |
| 4:12 | Construir | House |
| 4:24 | Construir | Palisade Wall |
| 4:24 | Construir | Palisade Wall |
| 4:29 | Encolar | Villager (Male) |
| 4:59 | Encolar | Villager (Male) |
| 5:30 | Encolar | Villager (Male) |
| 5:30 | Investigar | Loom |
| 6:12 | Construir | Mining Camp |
| 6:42 | Investigar | Feudal Age |
| 6:42 | Investigar | Feudal Age |
| 7:28 | Encolar | Villager (Male) |
| 7:46 | Construir | Barracks |
| 7:55 | Construir | Palisade Wall |
| 7:58 | Construir | Palisade Wall |
| 8:05 | Construir | Palisade Wall |
| 8:14 | Encolar | Villager (Male) |
| 8:16 | Construir | Palisade Wall |
| 8:28 | Construir | House |
| 8:29 | Construir | House |
| 8:52 | Edad | Edad Feudal |
| 8:56 | Encolar | Villager (Male) |
| 8:59 | Construir | Palisade Gate |
| 9:07 | Encolar | Villager (Male) |
| 9:13 | Construir | Archery Range |
| 9:23 | Construir | Palisade Wall |
| 9:24 | Construir | Palisade Wall |
| 9:26 | Construir | Palisade Wall |
| 9:31 | Encolar | Villager (Male) |
| 9:48 | Construir | Mill |
| 10:02 | Construir | Palisade Gate |
| 10:11 | Encolar | Villager (Male) |
| 10:14 | Encolar | Archer |
| 10:19 | Construir | Palisade Gate |
| 10:29 | Construir | Palisade Gate |
| 10:34 | Encolar | Archer |
| 10:34 | Encolar | Archer |
| 10:41 | Encolar | Villager (Male) |
| 10:43 | Encolar | Villager (Male) |
| 10:46 | Encolar | Archer |
| 11:00 | Construir | Farm |
| 11:15 | Construir | House |
| 11:17 | Construir | Palisade Wall |
| 11:22 | Construir | Farm |
| 11:48 | Encolar | Villager (Male) |
| 11:50 | Construir | Farm |
| 11:54 | Encolar | Villager (Male) |
| 12:01 | Encolar | Archer |
| 12:08 | Encolar | Villager (Male) |
| 12:16 | Encolar | Skirmisher |
| 12:28 | Construir | House |
| 12:30 | Construir | Palisade Wall |
| 12:32 | Encolar | Villager (Male) |
| 12:45 | Construir | Blacksmith |
| 12:52 | Encolar | Villager (Male) |
| 12:54 | Construir | Farm |
| 13:04 | Construir | Palisade Wall |
| 13:04 | Construir | Palisade Wall |
| 13:08 | Encolar | Skirmisher |
| 13:20 | Construir | Farm |
| 13:30 | Encolar | Villager (Male) |
| 13:32 | Construir | Farm |
| 13:36 | Construir | House |
| 13:40 | Investigar | Fletching |
| 13:40 | Encolar | Villager (Male) |
| 13:46 | Construir | Farm |
| 14:05 | Construir | Farm |
| 14:05 | Encolar | Villager (Male) |
| 14:14 | Construir | Palisade Wall |
| 14:15 | Encolar | Skirmisher |
| 14:20 | Encolar | Villager (Male) |
| 14:24 | Construir | Farm |
| 14:33 | Encolar | Villager (Male) |
| 14:39 | Construir | Farm |
| 14:50 | Construir | Farm |
| 14:57 | Encolar | Skirmisher |
| 14:57 | Encolar | Skirmisher |
| 15:00 | Construir | Palisade Wall |
| 15:04 | Encolar | Villager (Male) |
| 15:16 | Encolar | Skirmisher |
| 15:16 | Encolar | Villager (Male) |
| 15:20 | Construir | Farm |
| 15:25 | Construir | Palisade Wall |
| 15:31 | Construir | House |
| 15:38 | Encolar | Villager (Male) |
| 15:48 | Construir | Farm |
| 15:51 | Construir | Farm |
| 15:51 | Encolar | Villager (Male) |
| 15:56 | Encolar | Skirmisher |
| 16:04 | Construir | Farm |
| 16:18 | Construir | Farm |
| 16:45 | Construir | Lumber Camp |
| 16:49 | Encolar | Villager (Male) |
| 16:58 | Construir | House |
| 16:58 | Construir | House |
| 17:41 | Investigar | Castle Age |
| 17:41 | Investigar | Castle Age |
| 17:51 | Encolar | Skirmisher |
| 18:12 | Encolar | Skirmisher |
| 18:15 | Construir | House |
| 18:16 | Construir | House |
| 18:23 | Investigar | Padded Archer Armor |
| 18:24 | Investigar | Padded Archer Armor |
| 18:32 | Encolar | Skirmisher |
| 18:42 | Investigar | Horse Collar |
| 18:42 | Investigar | Horse Collar |
| 18:42 | Investigar | Horse Collar |
| 18:49 | Encolar | Skirmisher |
| 19:20 | Encolar | Skirmisher |
| 19:56 | Encolar | Skirmisher |
| 20:06 | Construir | Farm |
| 20:08 | Encolar | Villager (Male) |
| 20:21 | Edad | Edad de los Castillos |
| 20:23 | Investigar | Bodkin Arrow |
| 20:27 | Investigar | Elite Skirmisher (upgrade) |
| 20:28 | Investigar | Elite Skirmisher (upgrade) |
| 20:29 | Encolar | Villager (Male) |
| 20:31 | Construir | Farm |
| 20:46 | Construir | Town Center |
| 20:49 | Encolar | Skirmisher |
| 20:50 | Encolar | Villager (Male) |
| 20:55 | Construir | Siege Workshop |
| 21:07 | Encolar | Skirmisher |
| 21:23 | Encolar | Skirmisher |
| 21:26 | Construir | Palisade Wall |
| 21:28 | Construir | Palisade Wall |
| 21:29 | Construir | Palisade Wall |
| 21:32 | Encolar | Villager (Male) |
| 21:55 | Encolar | Villager (Male) |
| 22:11 | Encolar | Villager (Male) |
| 22:17 | Construir | Farm |
| 22:20 | Encolar | Mangonel |
| 22:26 | Encolar | Villager (Male) |
Cronología de la partida
| 4:24 | ★ DrumM ❿ · wall_segment Palisade Wall x7 |
| 4:24 | Andi · first_building Barracks |
| 4:24 | ★ DrumM ❿ · wall_segment Palisade Wall x1 |
| 4:59 | Andi · wall_segment Palisade Wall x1 |
| 5:00 | Andi · wall_segment Palisade Wall x7 |
| 6:18 | Andi · wall_segment Palisade Wall x6 |
| 6:22 | Andi · wall_segment Palisade Wall x6 |
| 6:23 | Andi · wall_segment Palisade Wall x1 |
| 6:56 | Andi · wall_segment Palisade Wall x4 |
| 7:46 | ★ DrumM ❿ · first_building Barracks |
| 7:55 | ★ DrumM ❿ · wall_segment Palisade Wall x1 |
| 7:58 | ★ DrumM ❿ · wall_segment Palisade Wall x1 |
| 8:05 | ★ DrumM ❿ · wall_segment Palisade Wall x1 |
| 8:16 | ★ DrumM ❿ · wall_segment Palisade Wall x1 |
| 8:52 | ★ DrumM ❿ · age_up feudal |
| 9:13 | ★ DrumM ❿ · first_building Archery Range |
| 9:23 | ★ DrumM ❿ · wall_segment Palisade Wall x1 |
| 9:24 | ★ DrumM ❿ · wall_segment Palisade Wall x1 |
| 9:26 | ★ DrumM ❿ · wall_segment Palisade Wall x1 |
| 9:27 | Andi · wall_segment Palisade Wall x2 |
| 9:29 | Andi · wall_segment Palisade Wall x9 |
| 11:09 | Andi · age_up feudal |
| 11:17 | ★ DrumM ❿ · wall_segment Palisade Wall x3 |
| 11:17 | Andi · first_building Archery Range |
| 12:30 | ★ DrumM ❿ · wall_segment Palisade Wall x1 |
| 13:04 | ★ DrumM ❿ · wall_segment Palisade Wall x8 |
| 13:04 | ★ DrumM ❿ · wall_segment Palisade Wall x2 |
| 13:54 | Andi · wall_segment Palisade Wall x1 |
| 14:14 | ★ DrumM ❿ · wall_segment Palisade Wall x7 |
| 14:28 | Andi · wall_segment Palisade Wall x1 |
| 14:29 | Andi · wall_segment Palisade Wall x1 |
| 15:00 | ★ DrumM ❿ · wall_segment Palisade Wall x3 |
| 15:25 | ★ DrumM ❿ · wall_segment Palisade Wall x1 |
| 16:21 | Andi · first_market_buy 100 food |
| 16:23 | Andi · first_market_sell 100 wood |
| 17:17 | Andi · first_building Stable |
| 19:17 | Andi · age_up castle |
| 20:21 | ★ DrumM ❿ · age_up castle |
| 20:55 | ★ DrumM ❿ · first_building Siege Workshop |
| 21:26 | ★ DrumM ❿ · wall_segment Palisade Wall x1 |
| 21:28 | ★ DrumM ❿ · wall_segment Palisade Wall x1 |
| 21:29 | ★ DrumM ❿ · wall_segment Palisade Wall x1 |
| 21:57 | Andi · first_building Monastery |
| 22:42 | Andi · first_building Siege Workshop |
| 23:47 | ★ DrumM ❿ · first_building Monastery |
| 25:48 | Andi · first_building Castle |
| 27:13 | ★ DrumM ❿ · first_building Castle |
| 29:20 | ★ DrumM ❿ · first_building Stable |
| 31:50 | ★ DrumM ❿ · first_market_sell 100 food |
| 33:07 | Andi · age_up imperial |
| 35:02 | ★ DrumM ❿ · age_up imperial |
| 37:01 | ★ DrumM ❿ · first_market_buy 100 wood |
| 40:01 | ★ DrumM ❿ · resign |
[ ANÁLISIS IA · 1 CRÉDITO ]
¿Qué pasó realmente en esta partida?
Wolo.gg analiza cada decisión: build order, eco, micro, errores típicos por bracket. Análisis personalizado por WhatsApp o Discord en 30 segundos.
Guía civ
Godos
Perfil
Andi